 Dungeon Crawl Stone Soup version 0.26-a0-317-ge2f3d4a7ca (webtiles) character file.

Game seed: 3473448899908692920

45 BeastOfSaturn the Magician (level 3, -1/24 HPs)
             Began as a Demonspawn Hedge Wizard on July 16, 2020.
             Was an Initiate of Ashenzari.
             Slain by a worm (10 damage)
             ... on level 2 of the Dungeon.
             The game lasted 00:08:04 (1571 turns).

BeastOfSaturn the Magician (DsWz)                   Turns: 1571, Time: 00:08:04

Health: -1/24      AC:  2    Str: 10    XL:     3   Next: 42%
Magic:  6/8        EV: 12    Int: 16    God:    Ashenzari [......]
Gold:   55         SH:  0    Dex: 12    Spells: 2/10 levels left

rFire    . . .     SeeInvis .   g - +0 short sword
rCold    . . .     Faith    .   (no shield)
rNeg     . . .     Spirit   .   b - +0 robe
rPois    .         Reflect  .   c - +0 hat
rElec    .         Harm     .   (no cloak)
rCorr    .                      (no gloves)
MR       .....                  (no boots)
Stlth    ++........             (no amulet)
HPRegen  0.08/turn              (no ring)
MPRegen  0.11/turn              (no ring)

@: no status effects
A: talons 1
a: Curse Item, Renounce Religion


You were on level 2 of the Dungeon.
You worshipped Ashenzari.
Ashenzari was noncommittal.
You visited 1 branch of the dungeon, and saw 2 of its levels.

You collected 55 gold pieces.

Inventory:

Hand Weapons
 a - a +0 dagger
 g - a +0 short sword (weapon)
Missiles
 f - 11 poisoned darts (quivered)
Armour
 b - a +0 robe (worn)
 c - a +0 hat (worn)
Scrolls
 h - a scroll of enchant armour {unknown}
 i - a scroll of remove curse
Potions
 d - a potion of curing {unknown}
 e - a potion of heal wounds {unknown}
 j - a potion of brilliance {unknown}


   Skills:
 - Level 2.0 Dodging
 - Level 1.7 Stealth
 * Level 4.1 Spellcasting
 * Level 1.0 Conjurations
 - Level 1.0 Summonings
 * Level 1.1 Translocations


You had 2 spell levels left.
You knew the following spells:

 Your Spells              Type           Power        Failure   Level
a - Magic Dart            Conj           #...         11%         1
b - Call Imp              Summ           #.......     17%         2
c - Blink                 Tloc           N/A          16%         2
d - Mephitic Cloud        Conj/Pois/Air  #.......     41%         3

Your spell library contained the following spells:

 Spells                   Type           Power        Failure   Level
 Slow                     Hex            #.......     26%         2
 Conjure Flame            Conj/Fire      #.......     38%         3


Dungeon Overview and Level Annotations

Branches:
Dungeon (2/15)

Altars:
Ashenzari


Innate Abilities, Weirdness & Mutations

You have sharp toenails.


Message History

You hit the giant cockroach.
The giant cockroach is heavily wounded.
The giant cockroach misses you. The kobold hits you.
Your iron imp hits the kobold.
The kobold dies!
The giant cockroach waves its antennae.
The giant cockroach bites you. The giant cockroach bites you.
The giant cockroach closely misses you.
Casting: Call Imp (safe; 17% risk of failure)
Confirm with . or Enter, or press ? or * to list all spells.
Aiming: Magic Dart (safe; 11% risk of failure)
Press: ? - help, Shift-Dir - straight line, f - giant cockroach
Aim: a giant cockroach (heavily wounded)
The magic dart hits the giant cockroach but does no damage.
The giant cockroach is heavily wounded.
The giant cockroach bites you.
Your iron imp barely misses the worm.
The giant cockroach bites you but does no damage. x2
The worm bites you!
You die...

##########
#...5w...# #######
#..†.s@#.#
......#####..###.#.#
....#....<.........s
#.#...#####....#(..#
#..#..# #..........
#.....# #...#.....#.
####..# #........##
#.⌠#.5#######.......
...#.....# ####.##


You could see a worm, a giant cockroach and a friendly iron imp (summoned).

Vanquished Creatures
  3 adders (D:2)
  A leopard gecko (D:1)
  2 ball pythons
  2 bats (D:1)
  A giant cockroach (D:1)
  2 goblins
  2 jackals (D:2)
  3 frilled lizards
  A kobold (D:2)
  A rat (D:2)
18 creatures vanquished.

Vanquished Creatures (collateral kills)
  A kobold (D:2)
1 creature vanquished.

Grand Total: 19 creatures vanquished

Notes
Turn   | Place    | Note
-------+----------+-------------------------------------------
     0 | D:1      | BeastOfSaturn the Demonspawn Hedge Wizard began the quest
                  | for the Orb.
     0 | D:1      | Reached XP level 1. HP: 13/13 MP: 4/4
   525 | D:1      | Gained mutation: You have sharp toenails. [demonic
                  | ancestry]
   525 | D:1      | Reached XP level 2. HP: 19/19 MP: 1/6
   709 | D:2      | Learned a level 2 spell: Call Imp
   712 | D:2      | Learned a level 2 spell: Blink
   807 | D:2      | Reached XP level 3. HP: 24/24 MP: 1/8
   897 | D:2      | Found a shattered altar of Ashenzari.
   911 | D:2      | Reached skill level 4 in Spellcasting
   911 | D:2      | Reached skill level 1 in Translocations
   966 | D:2      | Learned a level 3 spell: Mephitic Cloud
  1169 | D:2      | Became a worshipper of Ashenzari the Shackled
  1571 | D:2      | Slain by a worm

Illustrated notes

Levels and vault maps discovered:
D:1:      matt_arrival_diagonals, layout_basic, ebering_dispersal_statue_hall
D:2:      layout_loops_corners, evilmike_ruin_ashenzari,
          eat_drink_and_be_merry_uskayaw, patterned_corridor

Skill      XL: |  1  2  3 |
---------------+----------+-----
Dodging        | 2 |  2.0
Spellcasting   | 4 |  4.1
Translocations | 1 |  1.1
Stealth        | |  1.7
Conjurations   | |  1.0
Summonings     | |  1.0

Action                   || total
-------------------------++-------
Melee: Dagger            ||     5
       Short sword       ||    27
       Kick              ||     6
 Cast: Magic Dart        ||    43
       Call Imp          ||     5
 Stab: Sleeping          ||     2
Armor: Robe              ||     6
Dodge: Dodged            ||    16

Table legend:
 A = Non-vault XP
 B = Vault XP
 C = Vault XP percentage of total XP
 D = Non-vault monster count
 E = Vault monster count
 F = Vault count percentage of total count
                 A         B        C        D         E       F
            +---------+---------+-------+---------+---------+-------
      Total |      65 |       0 |   0.0 |      19 |       0 |   0.0
            +---------+---------+-------+---------+---------+-------
        D:1 |      15 |       0 |   0.0 |       8 |       0 |   0.0
        D:2 |      50 |       0 |   0.0 |      11 |       0 |   0.0
            +---------+---------+-------+---------+---------+-------
